 Dungeon Crawl Stone Soup version 0.21.0-24-g2553a33 (webtiles) character file.

398 Monsterracer the Conjurer (level 6, -3/32 HPs)
             Began as a Tengu Wizard on Jan 19, 2018.
             Killed by divine providence
             ... invoked by an orc priest
              (14 damage)
             ... on level 4 of the Dungeon.
             The game lasted 00:07:09 (4990 turns).

Monsterracer the Conjurer (Tengu Wizard)            Turns: 4990, Time: 00:07:09

Health: -3/32      AC:  6    Str: 10    XL:     6   Next: 83%
Magic:  10/13      EV: 12    Int: 20    God:
Gold:   155        SH:  0    Dex: 12    Spells: 4/13 levels left

rFire    . . .     SeeInvis .   a - +0 short sword (drain)
rCold    . . .     Gourm    .   (no shield)
rNeg     . . .     Faith    .   g - +0 robe
rPois    .         Spirit   .   b - +0 hat
rElec    .         Reflect  .   u - +0 cloak
rCorr    .         Harm     .   q - +2 pair of gloves
MR       .....                  (boots unavailable)
Stlth    +++.......             (no amulet)
HPRegen  0.10/turn              k - ring of stealth
MPRegen  0.13/turn              l - +2 ring of strength

@: no status effects
A: beak, talons 3, able to fly 1
a: Fly


You were on level 4 of the Dungeon.
You were not hungry.

You visited 1 branch of the dungeon, and saw 4 of its levels.

You collected 155 gold pieces.

Inventory:

Hand Weapons
 a - a +0 short sword of draining (weapon)
Armour
 b - a +0 hat (worn)
 g - a +0 robe (worn)
 i - a +0 buckler
 q - a +2 pair of gloves (worn)
 u - a +0 cloak (worn)
Jewellery
 k - a ring of stealth (left hand)
 l - a +2 ring of strength (right hand)
Potions
 d - a potion of haste {unknown}
 e - a potion of might {unknown}
 f - a potion of lignification {unknown}
 h - 4 potions of curing
 m - a potion of mutation {unknown}
Comestibles
 c - 4 rations


   Skills:
 - Level 2.1 Dodging
 - Level 2.0 Stealth
 + Level 4.4 Spellcasting
 * Level 6.9 Conjurations
   Level 1.2 Summonings
 - Level 0.7 Translocations
 + Level 2.5 Air Magic


You had 4 spell levels left.
You knew the following spells:

 Your Spells              Type           Power        Failure   Level  Hunger
a - Magic Dart            Conj           ####         1%          1    None
b - Conjure Flame         Conj/Fire      ###.....     9%          3    ###....
c - Mephitic Cloud        Conj/Pois/Air  ###.....     10%         3    ###....
e - Blink                 Tloc           N/A          14%         2    #......


Dungeon Overview and Level Annotations

Branches:
Dungeon (4/15)
 Temple: D:4-7

Altars:
Hepliaklqana
The Shining One

Annotations:
D:3 1 runed door


Innate Abilities, Weirdness & Mutations

You have a beak for a mouth.
You have claws for feet.
You can fly.


Message History

The orc priest is engulfed in noxious fumes.
The orc priest appears confused.
You now have 10/13 mp.
The orc priest is engulfed in noxious fumes.
The orc priest appears confused.
The orc priest is engulfed in noxious fumes.
The orc priest appears confused.
The orc priest is engulfed in noxious fumes.
The orc priest appears confused.
You hit the orc. You drain the orc!
The orc is severely wounded.
The orc closely misses you.
You hit the orc. You drain the orc!
You kill the orc!
You hit the orc but do no damage. You drain the orc!
The orc is moderately wounded.
The orc hits you with a dagger. The orc closely misses you.
You take 2 damage, and have 30/32 hp.
You hit the orc but do no damage. You drain the orc!
You claw the orc, but do no damage. You peck the orc, but do no damage.
The orc is severely wounded.
The orc hits you with a dagger.
You take 6 damage, and have 24/32 hp.
You are too injured to fight recklessly!
You are too injured to fight recklessly!
Casting: Mephitic Cloud
Confirm with . or Enter, or press ? or * to list all spells.
Aiming: Magic Dart
Press: ? - help, Shift-Dir - straight line, f - orc
Aim: an orc, wielding a dagger and wearing a chain mail (severely wounded, heavily drained)
The magic dart hits the orc.
The orc is almost dead.
The orc hits you but does no damage.
You now have 11/13 mp.
Casting: Magic Dart
Confirm with . or Enter, or press ? or * to list all spells.
Aiming: Magic Dart
Press: ? - help, Shift-Dir - straight line, f/p - orc
Aim: an orc, wielding a dagger and wearing a chain mail (almost dead, heavily drained)
The magic dart hits the orc.
The orc is almost dead.
The orc closely misses you. The orc barely misses you.
You now have 10/13 mp.
Casting: Magic Dart
Confirm with . or Enter, or press ? or * to list all spells.
Aiming: Magic Dart
Press: ? - help, Shift-Dir - straight line, f/p - orc
Aim: an orc, wielding a dagger and wearing a chain mail (almost dead, heavily drained)
The magic dart hits the orc.
You kill the orc!
The orc hits you with a war axe!
* * * LOW HITPOINT WARNING * * *
You take 9 damage, and have 15/32 hp.
MASSIVE DAMAGE!!
You now have 9/13 mp.
Casting: Magic Dart
Confirm with . or Enter, or press ? or * to list all spells.
Aiming: Magic Dart
Press: ? - help, Shift-Dir - straight line, f - orc
Aim: an orc, wielding a war axe and wearing a leather armour The magic dart hits the orc.
The orc is almost dead.
The orc closely misses you.
You now have 8/13 mp.
Casting: Magic Dart
Confirm with . or Enter, or press ? or * to list all spells.
Aiming: Magic Dart
Press: ? - help, Shift-Dir - straight line, f - you, p - orc That beam is likely to hit you.
Continue anyway?
Okay, then.
Casting: Magic Dart
Confirm with . or Enter, or press ? or * to list all spells.
Aiming: Magic Dart
Press: ? - help, Shift-Dir - straight line, f - orc
Aim: an orc, wielding a war axe and wearing a leather armour (almost dead)
The magic dart hits the orc.
You kill the orc!
You now have 7/13 mp.
You start resting.
Magic restored.
You regained 4 hp, and now have 19/32 hp.
MP restored: 13 You start resting.
You regained 3 hp, and now have 22/32 hp.
An orc priest is nearby!
Casting: Magic Dart
Confirm with . or Enter, or press ? or * to list all spells.
Aiming: Mephitic Cloud
Press: ? - help, Shift-Dir - straight line The ball explodes into a vile cloud!
The stinking cloud engulfs the orc priest.
The orc priest is lightly wounded.
The orc priest shouts!
The orc priest is engulfed in noxious fumes.
The orc priest invokes the aid of Beogh against you.
Beogh smites you!
* * * LOW HITPOINT WARNING * * *
You take 11 damage, and have 11/32 hp.
MASSIVE DAMAGE!!
You now have 10/13 mp.
The orc priest is engulfed in noxious fumes.
The orc priest mumbles some strange prayers to Beogh against you.
Beogh smites you!
You die...

.......#o.................. #.
####..#####....................#.
......#........................#.
#.........#...................##.
+..............o§§...............
#..........#####§§.##............
#..........#...+.§.+.............
##......#......#...#.............
'......##......#@).#........#....
##...#.##......#...#.#####'#.....
####.......#'#.:...#.# #.#.....
#.......#.#.#...#.#####÷#.....
####.......#.#...................
..##.......#.#..........)........
..+........#..............#......
..#........###....#.......#.#....
###..#+###'########.........#..[)


You could see an orc priest.

Vanquished Creatures
  A phantom (D:4)
  2 hounds (D:4)
  Jessica (D:2)
  A worker ant (D:3)
  3 hound skeletons (D:4)
  6 adders
  2 oozes
  4 worms
  2 dart slugs
  3 leopard geckos
  7 orcs
  A ball python (D:3)
  6 bats
  5 giant cockroaches
  9 goblins
  8 hobgoblins
  9 kobolds
  A quokka (D:2)
  4 frilled lizards
  8 rats
83 creatures vanquished.

Notes
Turn   | Place    | Note
-------+----------+-------------------------------------------
     0 | D:1      | Monsterracer the Tengu Wizard began the quest for the Orb.
     0 | D:1      | Reached XP level 1. HP: 10/10 MP: 5/5
    83 | D:1      | Reached skill level 2 in Conjurations
   229 | D:1      | Reached XP level 2. HP: 15/15 MP: 4/7
   330 | D:1      | Learned a level 2 spell: Blink
   481 | D:1      | HP: 7/15 [hobgoblin/club (7)]
   491 | D:1      | Reached skill level 3 in Conjurations
   714 | D:1      | HP: 6/15 [ooze (4)]
   717 | D:1      | Reached XP level 3. HP: 8/19 MP: 0/8
   722 | D:1      | Learned a level 3 spell: Conjure Flame
  1446 | D:2      | Reached skill level 4 in Conjurations
  1534 | D:2      | Reached XP level 4. HP: 24/24 MP: 8/10
  1558 | D:2      | Noticed Jessica
  1564 | D:2      | Killed Jessica
  1630 | D:2      | HP: 12/24 [adder (5)]
  1635 | D:2      | HP: 5/24 [poisoned by an adder]
  1640 | D:1      | HP: 4/24 [poisoned by an adder]
  1648 | D:1      | HP: 2/24 [poisoned by an adder]
  2107 | D:2      | Learned a level 3 spell: Mephitic Cloud
  2112 | D:2      | Reached skill level 5 in Conjurations
  2364 | D:2      | Gained mutation: You can fly. [Tengu growth]
  2364 | D:2      | Reached XP level 5. HP: 28/28 MP: 1/11
  2648 | D:3      | Found a hazy altar of Hepliaklqana.
  3687 | D:3      | Found a runed door.
  3687 | D:3      | Found a glowing golden altar of the Shining One.
  3687 | D:3      | Noticed an angel
  4108 | D:4      | Noticed a phantom
  4138 | D:3      | HP: 14/28 [poisoned by a worker ant]
  4342 | D:4      | Reached skill level 6 in Conjurations
  4342 | D:4      | Reached skill level 1 in Air Magic
  4358 | D:4      | Reached XP level 6. HP: 32/32 MP: 6/13
  4601 | D:4      | HP: 8/32 [phantom (9)]
  4652 | D:4      | Killed a phantom
  4918 | D:4      | HP: 15/32 [orc/war axe (10)]
  4989 | D:4      | HP: 11/32 [orc priest/divine providence (11)]
  4990 | D:4      | Killed from afar by an orc priest

Skill      XL: |  1  2  3  4  5  6 |
---------------+-------------------+-----
Conjurations   | 2 3 4 5 6 |  6.9
Spellcasting   | 4 |  4.4
Air Magic      | 1 2 |  2.5
Dodging        | |  2.1
Stealth        | |  2.0
Summonings     | |  1.2
Translocations | |  0.7

Action                   |  1- 3 |  4- 6 || total
-------------------------+-------+-------++-------
Melee: Unarmed           |     8 |       ||     8
       Kick              |     3 |     7 ||    10
       Short sword       |    10 |    26 ||    36
       Peck              |     2 |     4 ||     6
 Cast: Magic Dart        |    74 |   151 ||   225
       Mephitic Cloud    |       |     2 ||     2
       Conjure Flame     |       |     1 ||     1
  Use: Scroll            |       |     8 ||     8
       Potion            |       |     1 ||     1
  Eat: Chunk             |     2 |    10 ||    12
Armor: Robe              |     5 |    15 ||    20
Dodge: Dodged            |    23 |    48 ||    71

Vault maps used:
D:1:      dpeg_arrival_morbid_curiosity, minmay_misc_feat_more_columns,
          nrook_mini_vaults, fountainhead
D:2:      st_stairs_14, uniq_jessica
D:3:      lemuel_crystal_altar, serial_co_window_serial, co_window_paths_b,
          co_window_corner_a, co_window_paths_a, co_window_of_opportunity_a,
          co_window_paths_a, co_window_corner_b, co_window_unsneaky_path_b,
          co_window_corner_cb, co_window_of_opportunity_c, co_window_broadway_a,
          co_window_4corner_b, co_window_4corner_a, glass_columns_c,
          glass_columns_b, first_ration, lemuel_angel_altar
D:4:      hangedman_decor_riveting
